Map: [ESL] Hecate

Players

Cyan - Winner!

  • Race: Protoss Protoss
  • Spawn Location: 1:00

Jieshi

  • Race: Protoss Protoss
  • Spawn Location: 7:00

Event: ESL SC2 Masters 2023 Winter (Regional)

VOD

Have the link to the VOD?

Description

Time

  • Played on: Nov. 12, 2023, 7:13 a.m.
  • Length: 11:31

All games in this series

Show
View Real Time Build Order
Export as new Build Order

Cyan Protoss - Winner!

Build Orders:  

Get SALT Encoding   

  12  0:00  Probe  
  13  0:12  Probe  
  14  0:17  Pylon  
  14  0:24  Probe (Chrono Boost)  
  15  0:36  Gateway, Probe (Chrono Boost)  
  16  0:44  Probe (Chrono Boost)  
  16  0:47  Assimilator  
  17  0:51  Probe  
  17  0:54  Assimilator  
  18  1:03  Probe (Chrono Boost)  
  19  1:07  Gateway  
  19  1:13  Probe (Chrono Boost)  
  19  1:18  Probe (Chrono Boost)  
  20  1:24  Cybernetics Core  
  21  1:29  Probe  
  22  1:33  Pylon  
  22  1:41  Probe  
  23  1:53  Probe  
  24  2:00  Warp Gate (Chrono Boost)  
  24  2:02  Adept x2  
  24  2:08  Pylon  
  28  2:15  Probe  
  29  2:23  Pylon  
  29  2:31  Probe  
  29  2:32  Adept x2  
  34  2:49  Nexus  
  34  3:02  Adept  
  38  3:06  Pylon  
  38  3:08  Shield Battery  
  36  3:14  Adept  
  36  3:23  Robotics Facility  
  36  3:30  Shield Battery  
  35  3:35  Probe  
  35  3:37  Shield Battery  
  36  3:42  Adept  
  36  3:47  Probe  
  39  3:49  Shield Battery  
  39  3:51  Adept  
  41  3:55  Shield Battery  
  41  4:05  Sentry  
  43  4:11  Shield Battery  
  43  4:13  Sentry  
  43  4:14  Immortal (Chrono Boost)  
  49  4:22  Shield Battery  
  49  4:32  Stalker  
  51  4:40  Stalker  
  52  4:48  Immortal (Chrono Boost)  
  56  4:56  Adept  
  50  5:04  Adept  
  41  5:16  Probe  
  39  5:22  Stalker  
  39  5:23  Probe  
  43  5:28  Probe  
  43  5:33  Observer (Chrono Boost)  
  43  5:35  Sentry  
  46  5:38  Probe  
  47  5:49  Probe  
  48  5:51  Warp Prism (Chrono Boost)  
  48  5:54  Stalker  
  52  6:05  Probe  
  52  6:07  Probe  
  52  6:10  Gateway  
  54  6:16  Stalker  
  54  6:17  Probe  
  57  6:22  Probe  
  57  6:29  Probe  
  58  6:35  Adept  
  58  6:38  Probe  
  61  6:41  Probe  
  62  6:48  Pylon  
  62  6:52  Twilight Council  
  62  6:59  Probe  
  62  7:06  Probe  
  62  7:07  Pylon  
  63  7:11  Probe  
  64  7:23  Immortal (Chrono Boost)  
  64  7:25  Probe  
  64  7:26  Blink (Chrono Boost)  
  64  7:29  Stalker x2  
  67  7:40  Probe (Chrono Boost)  
  67  7:44  Probe (Chrono Boost)  
  69  7:47  Sentry, Assimilator  
  69  7:50  Probe (Chrono Boost)  
  73  7:53  Probe (Chrono Boost)  
  73  7:55  Probe (Chrono Boost)  
  74  8:00  Immortal (Chrono Boost)  
  74  8:04  Pylon  
  78  8:06  Pylon  
  78  8:11  Pylon  
  78  8:15  Nexus  
  78  8:23  Adept  
  78  8:24  Adept  
  78  8:26  Stalker  
  82  8:44  Observer (Chrono Boost)  
  82  8:57  Shield Battery x2  
  82  8:59  Observer (Chrono Boost)  
  82  9:00  Pylon  
  83  9:03  Probe  
  83  9:04  Probe  
  83  9:06  Stalker x3  
  91  9:12  Gateway x2  
  91  9:19  Gateway  
  91  9:24  Charge (Chrono Boost)  
  87  9:33  Probe  
  87  9:34  Probe x2  
  90  9:40  Gateway x2  
  90  9:46  Probe  
  90  9:47  Templar Archives  
  90  9:49  Assimilator, Probe  
  90  9:50  Probe  
  93  9:58  Probe  
  94  10:01  Probe  
  94  10:03  Probe  
  96  10:07  Zealot, Stalker  
  96  10:08  Zealot x2  
  96  10:11  Probe  
  105  10:24  High Templar x2  
  105  10:26  Probe  
  105  10:27  Pylon, Probe x2  
  112  10:28  Archon  
  112  10:29  High Templar x2, Zealot  
  112  10:30  Zealot  
  112  10:35  Archon  
  110  10:50  Stalker x4  
  118  11:03  Zealot x3  
  118  11:04  Zealot  
  120  11:14  Zealot x4  
  94  11:26  Zealot x4  
Show
View Real Time Build Order
Export as new Build Order

Jieshi Protoss 

Build Orders:  

Get SALT Encoding   

  12  0:00  Probe  
  13  0:12  Probe  
  14  0:20  Pylon  
  14  0:24  Probe (Chrono Boost)  
  15  0:38  Gateway  
  15  0:39  Probe (Chrono Boost)  
  16  0:45  Probe (Chrono Boost)  
  16  0:48  Assimilator  
  17  0:53  Probe (Chrono Boost)  
  17  0:56  Assimilator  
  18  1:05  Probe (Chrono Boost)  
  18  1:09  Gateway  
  19  1:14  Probe (Chrono Boost)  
  20  1:20  Probe  
  21  1:25  Cybernetics Core  
  21  1:32  Probe  
  22  1:35  Pylon  
  22  1:44  Probe  
  23  1:56  Probe  
  24  2:02  Adept x2  
  24  2:03  Warp Gate  
  28  2:11  Pylon  
  28  2:16  Robotics Facility  
  28  2:33  Stalker x2  
  32  2:55  Gateway  
  32  3:01  Immortal (Chrono Boost)  
  32  3:04  Sentry  
  38  3:10  Pylon  
  36  3:24  Shield Battery  
  36  3:30  Warp Prism (Chrono Boost)  
  38  3:51  Adept x2  
  38  3:52  Adept  
  44  3:58  Pylon  
  44  4:01  Observer  
  45  4:20  Stalker x3  
  51  4:27  Pylon  
  51  4:45  Stalker x2  
  47  5:02  Observer  
  45  5:08  Adept x2  
  45  5:11  Adept  
  45  5:12  Immortal (Chrono Boost), Probe  
  38  5:34  Observer  
  38  5:40  Probe  
  39  5:44  Nexus  
  39  5:51  Adept  
  39  5:53  Sentry x2  
  39  5:54  Probe  
  45  6:06  Probe  
  46  6:13  Immortal (Chrono Boost)  
  50  6:18  Probe  
  49  6:27  Sentry  
  49  6:28  Sentry  
  49  6:31  Probe (Chrono Boost)  
  54  6:36  Shield Battery  
  55  6:40  Probe (Chrono Boost)  
  55  6:45  Observer, Probe (Chrono Boost)  
  56  6:50  Stalker  
  59  6:57  Probe  
  58  7:03  Stalker x2  
  58  7:04  Probe  
  61  7:15  Zealot  
  55  7:26  Stalker  
  55  7:27  Stalker  
  55  7:29  Probe x2  
  57  7:34  Observer  
  57  7:43  Stalker  
  59  7:46  Probe x2 (Chrono Boost)  
  59  7:51  Assimilator  
  61  7:52  Immortal (Chrono Boost)  
  61  7:58  Probe x2 (Chrono Boost)  
  67  8:02  Probe (Chrono Boost)  
  67  8:03  Probe (Chrono Boost)  
  69  8:08  Pylon  
  69  8:11  Pylon  
  69  8:14  Pylon  
  69  8:18  Twilight Council  
  69  8:29  Immortal (Chrono Boost), Adept  
  69  8:32  Observer  
  75  8:35  Adept  
  77  8:49  Stalker x2  
  77  8:51  Gateway  
  77  8:52  Observer  
  77  8:53  Probe  
  77  8:54  Blink (Chrono Boost)  
  84  9:14  Immortal (Chrono Boost)  
  84  9:16  Pylon  
  86  9:27  Gateway  
  86  9:29  Gateway  
  86  9:32  Sentry, Stalker  
  90  9:46  Nexus  
  90  10:00  Pylon  
  90  10:03  Sentry, Stalker  
  90  10:04  Sentry  
  96  10:08  Stalker  
  98  10:14  Observer  
  98  10:22  Stalker  
  98  10:23  Stalker  
  102  10:29  Stalker  
  102  10:34  Assimilator  
  104  10:38  Stalker, Adept  
  108  10:51  Stalker  
  110  11:03  Stalker x3  
  110  11:04  Zealot x2  
  70  11:25  Stalker  
  70  11:26  Stalker  
Tags
 
Add a new tag
Caveats
  • Supply blocks, unpowered buildings, or Contaminate may cause inaccurate times.
  • Supply counts are checked every 10 seconds.